 Dungeon Sprint DCSS version 0.31-a0-662-g684573625c (webtiles) character file.

Game seed: 11026634918866701905

274 sircluck the Grappler (level 8, -7/93 HPs)
             Began as a Troll Berserker on Sept 1, 2023.
             Was a High Priest of Trog.
             Mangled by a nine-headed hydra (11 damage)
             ... summoned by a witch
             ... in the Dungeon (Sprint VI: "Thunderdome") on Sept 2, 2023.
             The game lasted 00:05:38 (844 turns).

sircluck the Grappler (Troll Berserker)              Turns: 844, Time: 00:05:38

Health: -7/93      AC:  6    Str: 28    XL:     8   Next: 67%
Magic:  7/7        EV: 12    Int:  3    God:    Trog [*****.]
Gold:   200        SH:  0    Dex:  9    Spells: 7/7 levels left

rFire   + .          .
                       - Unarmed
rCold   + . .        (no shield)
rNeg    . . .        l - +2 robe {rC+ rF+}
rPois   .            (helmet restricted)
rElec   .            (no cloak)
rCorr   .            (gloves unavailable)
SInv    .            (boots unavailable)
Will    .....        (no amulet)
Stlth   +            (no ring)
HPRegen 1.15/turn    (no ring)
MPRegen 0.10/turn

%: no teleportation
@: confused
A: large, unfitting armour, claws 3, regeneration 1, shaggy fur 1, tough skin 1
a: Renounce Religion, Berserk, Trog's Hand, Brothers in Arms


You were in the Dungeon.
You worshipped Trog.
Trog was extremely pleased with you.
You visited 1 branch You collected 600 gold pieces.
You spent 400 gold pieces at shops.

Inventory:

Armour
 a - a +0 animal skin
 l - a +2 robe of resistance (worn)
Wands
 i - a wand of quicksilver (5)
 j - a wand of roots (5)
Scrolls
 g - 4 scrolls of blinking
 k - 3 scrolls of fog
Potions
 b - a potion of curing
 c - 4 potions of heal wounds
 d - 4 potions of haste
 e - 2 potions of magic
 f - a potion of berserk rage
 h - a potion of resistance


   Skills:
 + Level 10.0 Fighting
 + Level 9.9 Dodging
 + Level 11.7 Unarmed Combat


You had 7 spell levels left.
You didn't know any spells.
Your spell library was empty.

Dungeon Overview and Level Annotations

Branches:
Dungeon (1/1)

Altars:
Cheibriados
Dithmenos
Fedhas
Gozag
Kikubaaqudgha
Makhleb
Okawaru
Qazlal
Ru
Sif Muna
Trog
Uskayaw
Vehumet
Wu Jian
Xom
Yredelemnul
Zin
The Shining One
Lugonu

Shops:
D *[=??*?*:[((!!!!


Innate Abilities, Weirdness & Mutations

You are too large for most types of armour.
You have claws for hands.
Your natural rate of healing is unusually fast.
You are covered in fur. (AC +1)
You have tough skin. (AC +1)


Message History

The stinking cloud engulfs the witch but does no damage.
You claw the witch! Your claw misses the witch.
The witch is moderately wounded.
You are engulfed in noxious fumes.
You choke on the stench!
You are confused.
The witch hits you with a +0 dagger. The eight-headed hydra bites you. x2
The eight-headed hydra bites you! The eight-headed hydra bites you.
The eight-headed hydra closely misses you.
The eight-headed hydra misses you.
The eight-headed hydra closely misses you.
The eight-headed hydra bites you!
You are too confused!
You rip one of the eight-headed hydra's heads off!
The seven-headed hydra grows two more!
You mangle the nine-headed hydra!! Your claw misses the nine-headed hydra.
The nine-headed hydra is heavily wounded.
You are engulfed in noxious fumes.
The witch closely misses you. The nine-headed hydra bites you!
The nine-headed hydra bites you.
The nine-headed hydra closely misses you.
The nine-headed hydra bites you. x2
The nine-headed hydra closely misses you. x2
The nine-headed hydra bites you!
The nine-headed hydra closely misses you.
You bump into the rock wall.
You are engulfed in noxious fumes.
You choke on the stench!
You are more confused.
The witch hits you with a +0 dagger.
The nine-headed hydra closely misses you.
The nine-headed hydra bites you!
* * * LOW HITPOINT WARNING * * *
The nine-headed hydra bites you.
* * * LOW HITPOINT WARNING * * *
The nine-headed hydra misses you.
The nine-headed hydra closely misses you.
The nine-headed hydra misses you. The nine-headed hydra bites you!
* * * LOW HITPOINT WARNING * * *
The nine-headed hydra bites you.
* * * LOW HITPOINT WARNING * * *
The nine-headed hydra bites you!
You die...

###∩........8.# #.8).......∩###
##.............###.............##
#⌠........[.###...###..........⌠#
#⌠...[......# #.<.# #..........⌠#
#⌠.....)....###...###..........⌠#
##.....).......###.............##
###∩........8.# #.8........∩###
##∩___......###......._.∩##
######[8...p@○...8.######
#⌠....○D°....⌠# ###)........###
#_......._# #_........#
#_......._# #∩.......∩#
##∩.....∩## ##.....##


You could see a nine-headed hydra (summoned) and a witch.

Vanquished Creatures
  A boulder beetle (D)
  A rust devil (D)
  A gargoyle (D)
  An earth elemental (D)
  2 quasits (D)
  6 orc priests (D)
  4 iron imps (D)
  Jessica (D)
  2 adders (D)
  A white imp (D)
  An orc (D)
  A goblin (D)
  A hobgoblin (D)
23 creatures vanquished.

Notes
Turn   | Place    | Note
-------+----------+-------------------------------------------
     0 | D        | sircluck the Troll Berserker began the quest for the Orb.
     0 | D        | Reached XP level 1. HP: 22/22 MP: 0/0
     3 | D        | Found a shimmering blue altar of Sif Muna.
     3 | D        | Found an ornate altar of the Wu Jian Council.
     4 | D        | Found a corrupted altar of Lugonu.
     4 | D        | Found a glowing golden altar of the Shining One.
     5 | D        | Found an iron altar of Okawaru.
     5 | D        | Round 1.
     6 | D        | Found a basalt altar of Yredelemnul.
     6 | D        | Found an opulent altar of Gozag.
     6 | D        | Found Peon's Staff Store.
     6 | D        | Found Hukh's Magic Scroll Shop.
     7 | D        | Found an ancient bone altar of Kikubaaqudgha.
     7 | D        | Found Soolief's Must-Have Magic.
     7 | D        | Found Ruxzyur's Magic Scroll Shop.
    16 | D        | Reached XP level 2. HP: 31/31 MP: 1/1
    18 | D        | Found a stormy altar of Qazlal.
    22 | D        | Found a snail-covered altar of Cheibriados.
    33 | D        | Reached ** piety under Trog
    49 | D        | Found Wuotzunlara's Distillery.
    49 | D        | Found Ideloaf's Distillery.
    50 | D        | Found Yvimon's Bottled Wisdom.
    55 | D        | Found Pisey's Do-It-Yourself Clinic.
    55 | D        | Found a burning altar of Makhleb.
    66 | D        | Found a hide-covered altar of Uskayaw.
    70 | D        | Found a sacrificial altar of Ru.
    70 | D        | Found Gaykor's Weapon Rack.
    70 | D        | Found Tyzah's Basic Armour.
    71 | D        | Found Meal's Miscellaneous Merchandise.
    77 | D        | Found Axtobb's Premium Goods.
    77 | D        | Found a shimmering altar of Xom.
    77 | D        | Found a bloodstained altar of Trog.
    77 | D        | Found a blossoming altar of Fedhas.
    90 | D        | Found a shadowy altar of Dithmenos.
    90 | D        | Noticed Jessica
    92 | D        | Found a radiant altar of Vehumet.
    92 | D        | Found a glowing silver altar of Zin.
    92 | D        | Found Rymma Sumu's Identification Station.
    92 | D        | Found Sazxavas's Advanced Armour.
    93 | D        | Found Ohofajod's Jewellery.
    94 | D        | Found Ohehuf's Timeless Talismans.
    95 | D        | Killed Jessica
    96 | D        | Reached skill level 4 in Unarmed Combat
    96 | D        | Reached XP level 3. HP: 25/39 MP: 2/2
   132 | D        | Reached skill level 5 in Unarmed Combat
   134 | D        | Reached *** piety under Trog
   134 | D        | Arena points: 14 (+14) [x2]
   204 | D        | Round 2.
   278 | D        | Reached XP level 4. HP: 44/49 MP: 3/3
   321 | D        | Reached skill level 5 in Fighting
   321 | D        | Reached skill level 5 in Dodging
   321 | D        | Reached skill level 6 in Unarmed Combat
   332 | D        | Reached **** piety under Trog
   333 | D        | Reached XP level 5. HP: 57/57 MP: 4/4
   337 | D        | Arena points: 50 (+36) [x3]
   399 | D        | Round 3.
   413 | D        | Reached skill level 7 in Unarmed Combat
   462 | D        | Reached ***** piety under Trog
   463 | D        | Reached skill level 8 in Unarmed Combat
   463 | D        | Reached XP level 6. HP: 26/68 MP: 5/5
   533 | D        | Arena points: 134 (+84) [x4]
   576 | D        | Bought a quad damage for 400 gold pieces
   586 | D        | Round 4.
   595 | D        | Noticed a gargoyle
   604 | D        | Killed a gargoyle
   605 | D        | Reached skill level 9 in Unarmed Combat
   605 | D        | Reached XP level 7. HP: 35/80 MP: 6/6
   676 | D        | Received a gift from Trog
   677 | D        | Reached skill level 10 in Unarmed Combat
   705 | D        | Noticed a boulder beetle
   719 | D        | Killed a boulder beetle
   719 | D        | Noticed a rust devil
   720 | D        | Reached skill level 11 in Unarmed Combat
   720 | D        | Reached XP level 8. HP: 33/92 MP: 7/7
   739 | D        | Killed a rust devil
   739 | D        | Arena points: 274 (+140) [x5]
   740 | D        | Reached skill level 10 in Fighting
   780 | D        | Round 5.
   835 | D        | Noticed a witch
   840 | D        | Noticed an eight-headed hydra
   844 | D        | HP: 4/93 [nine-headed hydra[a witch] (1)]
   844 | D        | Mangled by a nine-headed hydra

Illustrated notes

Levels and vault maps discovered:
D:        arena_sprint

Skill      XL: |  1  2  3  4  5  6  7  8 |
---------------+-------------------------+-----
Fighting       | 3 4 5 6 8 9 10 | 10.0
Dodging        | 3 4 5 6 8 9 |  9.9
Unarmed Combat | 4 5 6 8 9 11 | 11.7

Action                     |  1- 3 |  4- 6 |  7- 9 || total
---------------------------+-------+-------+-------++-------
  Melee: Unarmed           |    30 |    41 |    25 ||    96
         Punch             |       |     4 |     3 ||     7
 Invoke: Berserk           |       |       |     1 ||     1
  Evoke: Quad damage       |       |     1 |       ||     1
 Armour: Animal skin       |    12 |       |       ||    12
         Robe              |    38 |    21 |    26 ||    85
  Dodge: Dodged            |    22 |    14 |    18 ||    54

Table legend: (Time is in decaauts)
 A = Elapsed time spent in this place.
 B = Non-inter-level travel time spent in this place.
 C = Inter-level travel time spent in this place.
 D = Time resting spent in this place.
 E = Time spent auto-exploring this place.
 F = Levels seen in this place.
 G = Mean time per level.
                   A        B        C        D        E       F      G
               +--------+--------+--------+--------+--------+-----+--------+
         Total |    837 |    814 |     23 |    319 |     92 |   1 |  837.0 |
       Dungeon |    837 |    814 |     23 |    319 |     92 |   1 |  837.0 |
               +--------+--------+--------+--------+--------+-----+--------+

Top non-repeatable levels by time:
       D: 837 daAuts
